 Dungeon Crawl Stone Soup version 0.17-a0-1129-g5854844 (console) character file.

254661 hyperkellhus the Spry (level 19, -2/154 HPs)
             Began as a Vampire Hunter on May 23, 2015.
             Was the Champion of Kikubaaqudgha.
             Slain by a glaive of flaming (9 damage)
             ... on level 3 of the Depths on May 24, 2015.
             The game lasted 03:09:01 (60364 turns).

hyperkellhus the Spry (Vampire Hunter)             Turns: 60364, Time: 03:09:02

Health: -2/154     AC: 10    Str: 14    XL:     19   Next: 74%
Magic:  35/35      EV: 30    Int: 28    God:    Kikubaaqudgha [******]
Gold:   1898       SH: 10    Dex: 23    Spells: 4 memorised, 28 levels left

rFire  . . .     SeeInvis +     Z - +0 scimitar (elec)
rCold  + . .     Clarity  +     u - +2 robe {Archmagi}
rNeg   . . .     SustAt   .     X - -4 shield of Baldness {rElec Regen+ Int+4 Dex+3}
rPois  .         Gourm    .     d - +2 helmet {Int+3}
rElec  +         Spirit   .     D - +0 cloak
rCorr  +         Warding  .     p - +1 pair of gloves {Str+3}
rMut   .         Stasis   .     (no boots)
MR     +....                    W - amulet of resist corrosion
Stlth  ++........               A - +5 ring of dexterity
                                j - ring of protection from cold

@: very slightly contaminated, regenerating quickly, hasted, very quick,
somewhat resistant to hostile enchantments, unstealthy
A: fangs 3, see invisible, clarity, unbreathing
a: Receive Corpses, Torment, Renounce Religion


You were on level 3 of the Depths.
You worshipped Kikubaaqudgha.
Kikubaaqudgha was exalted by your worship.
You were full.

You visited 9 branches of the dungeon, and saw 37 of its levels.
You also visited: Ice Cave.

You collected 3942 gold pieces.
You spent 2044 gold pieces at shops.

Inventory:

Hand weapons
 a - a +3 dagger of electrocution
 b - a +0 blowgun
 L - a +5 lajatang of speed
 Y - a +0 scimitar of flaming
 Z - a +0 scimitar of electrocution (weapon)
Missiles
 c - 8 throwing nets (quivered)
 x - 106 poisoned needles
 O - 5 curare-tipped needles
Armour
 d - a +2 helmet of intelligence (worn)
 p - a +1 pair of gloves of strength (worn)
 u - a +2 robe of the Archmagi (worn)
 B - a cursed -1 robe
 D - a +0 cloak (worn)
 X - the -4 shield of Baldness (worn) {rElec Regen+ Int+4 Dex+3}
   (You found it on level 6 of the Lair of Beasts)

   It affects your intelligence (+4).
   It affects your dexterity (+3).
   It insulates you from electricity.
   It increases your rate of regeneration.
Jewellery
 i - an uncursed ring of protection from magic
 j - a ring of protection from cold (left hand)
 k - an uncursed ring of poison resistance
 q - an uncursed ring of flight {unknown}
 t - an uncursed ring of protection from fire
 A - a +5 ring of dexterity (right hand)
 Q - an uncursed ring of magical power
 W - an amulet of resist corrosion (around neck)
Magical devices
 e - a wand of teleportation (0)
 o - a wand of hasting (2)
 z - a wand of disintegration (6)
 H - a wand of lightning (6)
 I - a wand of digging (8)
 N - a wand of heal wounds (4)
Scrolls
 m - 8 scrolls of recharging
 s - 5 scrolls of fog
 y - 3 scrolls of enchant armour
 E - 2 scrolls of fear
 F - a scroll of brand weapon {unknown}
 K - 3 scrolls of enchant weapon
 R - 4 scrolls of magic mapping
 S - 3 scrolls of blinking
 T - 3 scrolls of remove curse
 V - 2 scrolls of identify
Potions
 f - 2 potions of lignification
 g - 11 potions of might
 n - a potion of haste
 r - 3 potions of resistance
 v - 13 potions of curing
 C - a potion of flight
 G - 6 potions of magic
 J - 2 potions of agility
 M - 5 potions of brilliance
 P - a potion of invisibility
 U - a potion of cancellation
Books
 w - a book of the Dragon

   Spells                             Type                      Level
   a - Flame Tongue                   Conjuration/Fire             1
   b - Cause Fear                     Hexes                        4
   c - Bolt of Fire                   Conjuration/Fire             6
   d - Dragon Form                    Transmutation                7
   e - Dragon's Call                  Summoning                    9
Miscellaneous
 h - a lamp of fire
 l - a phial of floods


   Skills:
 + Level 14.8 Fighting
 - Level 10.1 Short Blades
 - Level 3.2 Throwing
 - Level 17.0 Dodging
 - Level 1.5 Stealth
 - Level 15.0 Shields
 - Level 12.0 Spellcasting
 - Level 16.0 Necromancy


You had 28 spell levels left.
You knew the following spells:

 Your Spells              Type           Power        Failure   Level  Hunger
a - Pain                  Necr           ####         0%          1    None
b - Vampiric Draining     Necr           ########..   0%          3    None
g - Agony                 Necr           ########     1%          5    ###....
u - Dispel Undead         Necr           ########     1%          5    ###....


Dungeon Overview and Level Annotations

Branches:
Dungeon (15/15)            Temple (1/1) D:6            Lair (8/8) D:8
  Swamp (1/4) Lair:5       Spider (2/4) Lair:3        Slime (0/6) Lair:7
    Orc (4/4) D:11            Elf (2/3) Orc:4        Vaults (0/5) D:13
 Depths (3/5) D:15           Hell (1/1)
    Dis: Hell:1         Geh: Hell:1         Coc: Hell:1         Tar: Hell:1

Altars:
Ashenzari
Cheibriados
Dithmenos
Elyvilon
Fedhas
Gozag
Kikubaaqudgha
Makhleb
Nemelex Xobeh
Okawaru
Qazlal
Ru
Sif Muna
Trog
Vehumet
Xom
Yredelemnul
Zin
The Shining One
Beogh
Jiyva
Lugonu

Shops:
D:10 }   D:12 *   Orc:1 !*(   Orc:4 *:![(   Elf:1 }

Portals:
Hell: Depths:1 Depths:2
Ziggurat: Depths:1

Annotations:
D:2 Sigmund
D:7 exclusions: door and 2 more exclusions
D:11 exclusion: 2 statues
D:14 exclusion: obsidian statue
Lair:5 exclusion: oklob plant
Swamp:1 Louise, Nikola
Hell Geryon


Innate Abilities, Weirdness & Mutations

Your natural rate of healing is unusually fast.
You have razor-sharp teeth.
You have supernaturally acute eyesight.
You can survive without breathing.
You possess an exceptional clarity of mind.


Message History

You are too injured to fight recklessly!
You miss the glaive of flaming.
The glaive of flaming is moderately damaged.
The glaive of flaming misses you.
The glaive of flaming completely misses you.
Read which item? (? for menu, Esc to quit)
Okay, then.
Read which item? (? for menu, Esc to quit)
Okay, then.
Evoke which item? (* to show all) (? for menu, Esc to quit)
Zapping:
o - a wand of hasting (3)
Press: ? - help, Shift-Dir - straight line, f - you You feel yourself speed up.
You are very lightly contaminated with residual magic.
This wand has 2 charges left.
The glaive of flaming hits you from afar!!
* * * LOW HITPOINT WARNING * * *
The glaive of flaming burns you!
You die...
Kikubaaqudgha rasps: "You have failed me!
Welcome... oblivion!"

## ##### #########
.######...####........
.......###....#######.
##.....# ####.###
##....# #...# ######
###.####### #........#
#..@.....# #........#
#...(...## #.......#
####..### #..# #..#
#..# ##..#


You could see a glaive of flaming.

Vanquished Creatures
  A sphinx (Depths:1)
  Agnes (Lair:3)
  Frances (Spider:1)
  A storm dragon (D:13)
  Kirke (Lair:8)
  2 fire giants
  3 frost giants
  A ghost moth (Spider:2)
  Maud (Lair:8)
  An orc warlord (Orc:4)
  2 emperor scorpions
  12 stone giants
  5 vampire knights
  5 ettins
  Erolcha (Orc:1)
  2 yaktaur captains
  A vault guard (D:13)
  2 great orbs of eyes
  6 fire dragons
  5 rakshasas
  Fannar (Lair:2)
  16 hydras
  Harold (Lair:2)
  4 ice dragons
  7 entropy weavers
  4 centaur warriors
  8 dancing weapons (Elf:2)
  7 death yaks
  6 deep troll earth magi
  4 deep troll shamans (Depths:2)
  3 tengu warriors
  2 orc high priests
  3 spriggan berserkers (Depths:2)
  An ogre mage (Depths:1)
  A vampire mage (Depths:2)
  10 deep elf knights
  Nergalle (D:11)
  An iron troll (Depths:2)
  A salamander mystic (Depths:1)
  A small abomination (Elf:2)
  5 skeletal warriors
  11 deep trolls
  7 deep elf summoners
  12 hill giants
  2 phantasmal warriors
  A spriggan druid (Lair:5)
  5 unseen horrors
  4 orc knights
  A giant orange brain (Depths:2)
  17 wolf spiders
  An orc sorcerer (Orc:4)
  3 cyclopes
  2 manticores (D:14)
  2 moths of wrath (Spider:1)
  8 orb spiders
  11 deep elf conjurers
  A hornet (Lair:8)
  14 black mambas
  17 ugly things
  A faun (shapeshifter) (Depths:2)
  A moth of wrath (shapeshifter) (D:15)
  3 salamanders (Depths:1)
  Maurice (Orc:2)
  3 griffons
  A guardian serpent (Lair:8)
  8 elephants
  Psyche (D:11)
  15 spiny frogs
  4 torpor snails
  3 centaur skeletons
  An eye of devastation (shapeshifter) (Depths:2)
  13 komodo dragons
  4 gargoyles
  A demonic crawler (Lair:3)
  5 spectral swamp worms (Depths:2)
  4 efreet
  6 kobold demonologists
  9 yaktaurs (Depths:1)
  2 fire drakes
  5 tengu conjurers
  2 freezing wraiths (D:15)
  10 deep elf priests
  16 jumping spiders
  2 queen bees
  10 trolls
  A wind drake (Depths:3)
  12 polar bears
  11 slime creatures
  A wolf spider simulacrum (D:15)
  36 blink frogs
  5 two-headed ogres
  12 ravens
  A spriggan (Depths:1)
  2 air elementals (Depths:3)
  A snapping turtle (shapeshifter) (D:13)
  3 tarantellas (Spider:1)
  A tarantella (shapeshifter) (Depths:1)
  2 shadows
  24 redbacks
  7 trapdoor spiders
  2 wraiths
  A human (D:7)
  19 deep elf magi
  A fire elemental (Depths:1)
  5 basilisks
  Eustachio (D:5)
  2 hogs (Lair:7)
  62 yaks
  24 deep elf fighters
  6 wyverns
  14 hippogriffs
  2 mottled dragons
  6 vampire mosquitoes
  36 wolves
  4 hungry ghosts
  7 soldier ants
  Edmund (D:4)
  5 wargs
  12 porcupines
  31 water moccasins
  42 orc warriors
  21 spiders
  2 eyes of draining
  3 sky beasts
  3 black bears
  A necrophage (D:8)
  8 boggarts (Depths:1)
  13 ogres
  2 ice beasts
  3 phantoms
  3 wasps
  21 crocodiles
  12 centaurs
  The ghost of Hanyuu the Insei, an average OpTm (D:3)
  24 giant frogs
  A brain worm (D:13)
  3 big kobolds
  3 earth elementals (Depths:3)
  6 scorpions
  46 killer bees
  5 wights (D:7)
  4 electric eels
  2 quasits (D:15)
  6 crimson imps
  7 centaur zombies
  2 giant frog zombies
  7 hounds
  7 jellies
  Ijyb (D:2)
  28 orc priests
  A giant frog skeleton (D:13)
  Jessica (D:2)
  Terence (D:2)
  14 two-headed ogre zombies (Orc:1)
  Natasha (thrice) (D:2)
  16 iguanas
  41 orc wizards
  An iron imp (D:15)
  A hell rat (Elf:2)
  21 worker ants
  36 sheep
  A hound skeleton (D:10)
  Robin (D:2)
  83 river rats
  24 adders
  3 shadow imps
  13 white imps
  An ooze (D:3)
  A giant eyeball (D:3)
  5 worms
  An adder skeleton (D:9)
  5 giant geckos
  240 orcs
  2 bat zombies
  9 giant cockroaches
  37 goblins
  18 hobgoblins
  22 kobolds
  2 quokkas
  16 bats
  4 giant newts
  A quokka skeleton (D:5)
  2 quokka zombies
  20 rats
  A crawling corpse (Elf:2)
  2 fungi
1688 creatures vanquished.

Vanquished Creatures (collateral kills)
  A spriggan berserker (Depths:2)
  A spiny frog (Lair:8)
  A human (Lair:8)
  2 wolves (Lair:5)
5 creatures vanquished.

Vanquished Creatures (others)
  A death yak (IceCv)
  5 polar bears (IceCv)
  A deep elf mage (Elf:2)
  A redback (Spider:2)
  A yak (IceCv)
  A deep elf fighter (Elf:2)
  A human (Lair:8)
  A water elemental (D:15)
  A swamp drake (Swamp:1)
  A boggart (Depths:1)
  A wyvern skeleton (D:14)
  A river rat (Lair:2)
  22 fungi
  23 plants
61 creatures vanquished.

Grand Total: 1754 creatures vanquished

Notes
Turn   | Place    | Note
--------------------------------------------------------------
     0 | D:1      | hyperkellhus the Vampire Hunter began the quest for the Orb.
     0 | D:1      | Reached XP level 1. HP: 16/16 MP: 1/1
   323 | D:1      | Reached XP level 2. HP: 4/22 MP: 2/2
   506 | D:1      | Reached skill level 1 in Short Blades
   977 | D:2      | Noticed Ijyb
   991 | D:2      | Killed Ijyb
   991 | D:2      | Reached XP level 3. HP: 22/27 MP: 3/3
  1026 | D:2      | Noticed Terence
  1038 | D:2      | Killed Terence
  1038 | D:2      | Reached XP level 4. HP: 17/33 MP: 4/4
  1143 | D:2      | Noticed Natasha
  1151 | D:2      | Killed Natasha
  1151 | D:2      | Reached skill level 4 in Short Blades
  1311 | D:2      | Noticed Robin
  1343 | D:2      | Killed Robin
  1343 | D:2      | Reached XP level 5. HP: 31/38 MP: 5/5
  1391 | D:2      | Noticed Sigmund
  1429 | D:2      | Noticed Natasha
  1436 | D:2      | Killed Natasha
  1436 | D:2      | Reached skill level 5 in Short Blades
  1501 | D:2      | Noticed Jessica
  1509 | D:2      | Killed Jessica
  1679 | D:2      | Noticed Natasha
  1687 | D:2      | Killed Natasha
  1974 | D:3      | Noticed Hanyuu's ghost (average OpTm)
  1993 | D:3      | Killed Hanyuu's ghost
  1993 | D:3      | Reached skill level 6 in Short Blades
  1993 | D:3      | Reached XP level 6. HP: 32/44 MP: 6/6
  2825 | D:3      | Noticed Crazy Yiuf
  2833 | D:3      | Noticed Crazy Yiuf
  2833 | D:3      | Crazy Yiuf changed into Crazy Yiuf the giant eyeball
  2838 | D:3      | Killed Crazy Yiuf the giant eyeball
  3139 | D:4      | Reached skill level 7 in Short Blades
  3263 | D:4      | Found a shimmering altar of Xom.
  3401 | D:4      | Found an iron altar of Okawaru.
  3408 | D:4      | Got an ancient spear
  3463 | D:4      | Noticed Edmund
  3873 | D:5      | Entered Level 5 of the Dungeon
  3941 | D:5      | Reached skill level 8 in Short Blades
  3941 | D:5      | Reached XP level 7. HP: 15/49 MP: 7/7
  4176 | D:5      | Reached skill level 9 in Short Blades
  4199 | D:5      | Noticed Eustachio
  4217 | D:5      | Killed Eustachio
  4482 | D:5      | Reached XP level 8. HP: 55/55 MP: 8/8
  4531 | D:5      | Got an ancient spear
  4924 | D:5      | Reached skill level 10 in Short Blades
  5265 | D:6      | Reached skill level 5 in Dodging
  5352 | D:6      | Found a staircase to the Ecumenical Temple.
  5361 | Temple   | Entered the Ecumenical Temple
  5452 | Temple   | Became a worshipper of Kikubaaqudgha
  5509 | D:6      | Found a glowing golden altar of the Shining One.
  5863 | D:6      | Found a snail-covered altar of Cheibriados.
  5925 | D:4      | Killed Edmund
  6074 | D:7      | Reached XP level 9. HP: 49/64 MP: 9/9
  6245 | D:7      | Reached skill level 5 in Fighting
  6291 | D:7      | Acquired Kikubaaqudgha's first power
  6291 | D:7      | Received a gift from Kikubaaqudgha
  6294 | D:7      | Identified Kikubaaqudgha's Guide on Unholy Rites (Kikubaaqudgha gifted it to you on level 7 of the Dungeon)
  6311 | D:7      | Learned a level 1 spell: Pain
  6315 | D:7      | Learned a level 3 spell: Vampiric Draining
  7015 | D:7      | Reached skill level 5 in Necromancy
  7081 | D:8      | Found an opulent altar of Gozag.
  7105 | D:8      | Found a staircase to the Lair.
  8368 | D:9      | Reached skill level 1 in Spellcasting
  8611 | D:9      | Found a stormy altar of Qazlal.
  8679 | D:9      | Found a shadowy altar of Dithmenos.
  9095 | D:10     | Entered Level 10 of the Dungeon
  9135 | D:10     | Found Hacwul's Quality Used Wands.
  9145 | D:10     | Noticed a hill giant
  9195 | D:10     | Reached XP level 10. HP: 74/74 MP: 14/14
  9208 | D:10     | Acquired Kikubaaqudgha's second power
  9873 | D:10     | Killed a hill giant
 10163 | Lair:1   | Entered Level 1 of the Lair of Beasts
 10255 | Lair:1   | Found a stormy altar of Qazlal.
 11119 | Lair:1   | Found a snail-covered altar of Cheibriados.
 11318 | Lair:1   | Reached skill level 10 in Dodging
 11339 | Lair:1   | Reached XP level 11. HP: 60/84 MP: 17/17
 11694 | Lair:1   | Noticed a black mamba
 11713 | Lair:1   | Killed a black mamba
 11713 | Lair:1   | Received a gift from Kikubaaqudgha
 11716 | Lair:1   | Identified Kikubaaqudgha's Collected Works on Darkness (Kikubaaqudgha gifted it to you on level 1 of the Lair of Beasts)
 11911 | Lair:1   | Learned a level 5 spell: Agony
 11917 | Lair:1   | Learned a level 5 spell: Dispel Undead
 12212 | Lair:2   | Noticed an eight-headed hydra
 12221 | Lair:2   | Killed an eight-headed hydra
 12221 | Lair:2   | Reached skill level 5 in Spellcasting
 12596 | Lair:2   | Noticed Fannar
 12613 | Lair:2   | Killed Fannar
 12773 | Lair:2   | Noticed Harold
 12800 | Lair:2   | Killed Harold
 13002 | Lair:2   | Reached skill level 10 in Necromancy
 13837 | Lair:2   | Reached skill level 11 in Necromancy
 14058 | Lair:3   | Noticed an eight-headed hydra
 14123 | Lair:3   | Acquired Kikubaaqudgha's third power
 14185 | Lair:3   | Found a hole to the Spider Nest.
 14410 | Lair:3   | Got a crude spear
 14850 | Lair:3   | Noticed an eight-headed hydra
 14854 | Lair:3   | Killed an eight-headed hydra
 14854 | Lair:3   | Reached XP level 12. HP: 91/91 MP: 6/22
 14909 | Lair:3   | Noticed a six-headed hydra
 14918 | Lair:3   | Killed a six-headed hydra
 15377 | Lair:3   | Killed an eight-headed hydra
 15377 | Lair:3   | Reached skill level 12 in Necromancy
 17852 | Lair:4   | Noticed an eight-headed hydra
 17857 | Lair:4   | Killed an eight-headed hydra
 18376 | Lair:5   | Noticed a four-headed hydra
 18558 | Lair:5   | Noticed a four-headed hydra
 18563 | Lair:5   | Killed a four-headed hydra
 18702 | Lair:5   | Noticed a five-headed hydra
 18711 | Lair:5   | Killed a five-headed hydra
 18711 | Lair:5   | Reached XP level 13. HP: 60/100 MP: 1/25
 18752 | Lair:5   | Acquired Kikubaaqudgha's fourth power
 18965 | Lair:5   | Found a staircase to the Swamp.
 18972 | Lair:5   | Noticed a five-headed hydra
 18981 | Lair:5   | Killed a five-headed hydra
 19269 | Lair:4   | Noticed a four-headed hydra
 19842 | Lair:4   | Killed a four-headed hydra
 20275 | D:11     | Found a staircase to the Orcish Mines.
 20318 | D:11     | Reached skill level 13 in Necromancy
 20566 | D:11     | Found a corrupted altar of Lugonu.
 21405 | D:11     | Reached skill level 14 in Necromancy
 21444 | D:11     | Noticed Nergalle
 21450 | D:11     | Killed Nergalle
 21455 | D:11     | Noticed Psyche
 21586 | D:11     | Killed Psyche
 21975 | D:11     | Reached skill level 10 in Spellcasting
 22338 | D:12     | Found a shadowy altar of Dithmenos.
 22763 | D:12     | Found Epa Pewk's Assorted Antiques.
 22767 | D:12     | Bought a glowing helmet for 126 gold pieces
 22780 | D:12     | Bought a scroll labeled KUNLEO QAUF for 28 gold pieces
 22781 | D:12     | Bought a spiked ring mail for 252 gold pieces
 22791 | D:12     | Identified the +1 ring mail "Efileokh" {-Tele rPois rC+ rN+++} (You bought it in a shop on level 12 of the Dungeon)
 23065 | D:12     | Reached XP level 14. HP: 108/108 MP: 4/28
 23400 | D:12     | You fall through a shaft for 2 floors!
 23450 | D:14     | Reached skill level 15 in Necromancy
 24391 | Lair:2   | Noticed a six-headed hydra
 24396 | Lair:2   | Killed a six-headed hydra
 24740 | Lair:5   | Reached skill level 10 in Fighting
 25912 | Lair:6   | Got a smoking shield
 26301 | Lair:6   | Identified the cursed -4 shield of Baldness {rElec Regen+ Int+4 Dex+3} (You found it on level 6 of the Lair of Beasts)
 26914 | Lair:7   | Found a frozen archway.
 27089 | IceCv    | Entered an ice cave
 27973 | IceCv    | Noticed a frost giant
 27993 | IceCv    | Killed a frost giant
 28209 | IceCv    | Reached skill level 16 in Necromancy
 28242 | IceCv    | Got a polished leather armour
 28944 | Lair:7   | Killed a four-headed hydra
 29261 | D:12     | Bought a scroll of remove curse for 84 gold pieces
 29275 | D:12     | Identified the cursed +0 leather armour of the Harvest {+Inv MR+} (You found it in an ice cave)
 29872 | Lair:7   | Found a viscous altar of Jiyva.
 29872 | Lair:7   | Found a staircase to the Slime Pits.
 30586 | Lair:8   | Entered Level 8 of the Lair of Beasts
 30857 | Lair:8   | Reached XP level 15. HP: 105/118 MP: 8/29
 30966 | Lair:8   | Got an iridescent quarterstaff
 31391 | Lair:8   | Noticed Maud
 31412 | Lair:8   | Killed Maud
 32709 | Lair:8   | Got a pearl-encrusted leather armour
 32896 | Lair:8   | Got a pitted halberd
 32971 | Lair:8   | Noticed Kirke
 33153 | Lair:7   | Identified the +3 leather armour "Dofo" {rCorr Int+3} (You found it on level 8 of the Lair of Beasts)
 33440 | Lair:8   | Killed Kirke
 34642 | D:13     | Found a gate to the Vaults.
 34938 | D:13     | Got a transparent spear
 35379 | D:13     | Noticed a storm dragon
 35388 | D:13     | Killed a storm dragon
 35388 | D:13     | Reached skill level 1 in Shields
 36353 | D:14     | Reached skill level 5 in Shields
 36488 | D:14     | Reached XP level 16. HP: 99/127 MP: 21/32
 37070 | D:15     | Entered Level 15 of the Dungeon
 37398 | D:15     | Found a staircase to the Depths.
 38919 | Orc:1    | Entered Level 1 of the Orcish Mines
 39000 | Orc:1    | Found a roughly hewn altar of Beogh.
 39296 | Orc:1    | Found Yzxofyur's Distillery.
 39306 | Orc:1    | Found Xamuozesai's Assorted Antiques.
 39327 | Orc:1    | Bought a glowing robe for 22 gold pieces
 39327 | Orc:1    | Bought a runed robe for 22 gold pieces
 39387 | Orc:1    | Found Sasofivej's Weapon Boutique.
 40043 | Orc:1    | Noticed Erolcha
 40076 | Orc:1    | Killed Erolcha
 40426 | Orc:2    | Noticed Maurice
 40434 | Orc:2    | Killed Maurice
 41759 | Orc:4    | Entered Level 4 of the Orcish Mines
 42151 | Orc:4    | Found a staircase to the Elven Halls.
 42231 | Orc:4    | Found a roughly hewn altar of Beogh.
 43124 | Orc:4    | Found a roughly hewn altar of Beogh.
 43277 | Orc:4    | Found Rahiheff's Antique Armour Shop.
 43278 | Orc:4    | Found a roughly hewn altar of Beogh.
 43279 | Orc:4    | Found Jerim's Antique Weapon Boutique.
 43522 | Orc:4    | Reached skill level 10 in Shields
 43549 | Orc:4    | Found Etim's General Store.
 43589 | Orc:4    | Found a roughly hewn altar of Beogh.
 43626 | Orc:4    | Found Suenleli's Book Shop.
 43684 | Orc:4    | Found a roughly hewn altar of Beogh.
 43687 | Orc:4    | Found Tybisch's Distillery.
 43722 | Orc:4    | Bought a potion of experience for 700 gold pieces
 43722 | Orc:4    | Reached XP level 17. HP: 133/133 MP: 33/33
 44159 | Elf:1    | Entered Level 1 of the Elven Halls
 44374 | Elf:1    | Got a faintly glowing quarterstaff
 45342 | Elf:1    | Found Luorakh Jygh's Gadget Shoppe.
 45750 | Elf:2    | Got a bloodstained spear
 46078 | Elf:2    | Found a runed gate.
 46078 | Elf:2    | Found a runed gate.
 46078 | Elf:2    | Found a runed gate.
 47504 | Elf:2    | Reached XP level 18. HP: 140/140 MP: 34/34
 47902 | Elf:1    | Bought a wand of heal wounds (5) for 810 gold pieces
 48199 | Depths:1 | Entered Level 1 of the Depths
 48850 | Depths:1 | Found a gateway to a ziggurat.
 50536 | Depths:1 | Reached skill level 15 in Shields
 51171 | Depths:1 | Found a gateway to Hell.
 51463 | Depths:1 | Paralysed by a great orb of eyes for 7 turns
 51822 | Hell     | Entered the Vestibule of Hell
 51822 | Hell     | Noticed Geryon
 52783 | Spider:1 | Entered Level 1 of the Spider Nest
 53825 | Spider:1 | Noticed Agnes
 53829 | Spider:1 | Noticed Frances
 53847 | Lair:3   | Killed Agnes
 53884 | Lair:2   | Gained mutation: You possess an exceptional clarity of mind. [potion of beneficial mutation]
 54184 | Swamp:1  | Entered Level 1 of the Swamp
 54232 | Swamp:1  | Noticed Nikola
 54234 | Swamp:1  | Noticed Louise
 54432 | Spider:1 | Killed Frances
 55028 | Spider:1 | Reached XP level 19. HP: 124/152 MP: 35/35
 55662 | Spider:2 | Reached skill level 15 in Dodging
 56527 | Lair:2   | Upgraded the game from 0.17-a0-1115-g0372368 to 0.17-a0-1129-g5854844
 56835 | Depths:2 | HP: 4/152 [death yak[a spriggan berserker] (29)]
 58451 | Depths:2 | Reached skill level 17 in Dodging
 60364 | Depths:3 | HP: 7/154 [glaive of flaming (28)]
 60364 | Depths:3 | Slain by a glaive of flaming

Vault maps used:
D:1:      shiori_arrival_elements
D:2:      uniq_natasha, uniq_robin, uniq_sigmund, uniq_iyjb, uniq_jessica,
          uniq_terence
D:3:      first_bread, uniq_crazy_yiuf_cottage
D:4:      xom_teletrap_fun, minivault_23, grunt_ministairs_11,
          okawaru_ov_weapons_minmay, uniq_edmund
D:5:      uniq_eustachio
D:6:      cheibriados_altar_1, nicolae_overflow_crystal_walls,
          minmay_temple_entry_large_hall
D:7:      hangedman_abyss_or_decor_passed, dk_noncrumbling_2, grunt_livestock,
          kennysheep_another_room, centaur_isle
D:8:      old_standard_altar, lair_0_dummy
D:9:      wad_crossroads, nicolae_overflow_hidden_temple,
          nicolae_dithmenos_through_a_glass_darkly, corexii_hall_statues_s
D:10:     nicolae_for_you_no_charge
D:11:     kennysheep_kobold_lugonu_temple, special_room,
          minmay_dual_archer_statues, uniq_nergalle, uniq_psyche
D:12:     serial_shops, shop, basic_altar
D:13:     minmay_expanding_squares, david_vaults_5, grunt_decor_arrowhead,
          minivault_1
D:14:     forest_paths, minmay_misc_feat_rows, minivault_15
D:15:     hangedman_depths_entry_civil_slaughter, kennysheep_flooded_box
Temple:   circular_temple_12
Lair:1:   basic_altar, kennysheep_snail_temple, grunt_megastairs_2
Lair:2:   uniq_fannar, uniq_harold
Lair:3:   gammafunk_lair_bear_cave, spider_nest_entry_webs, wad_woods_river_04,
          lemuel_fruit_tree, infiniplex_staircase_pool
Lair:5:   beast_lair_carwin_large_4, swamp_mist, serial_bayou_shore_a,
          infiniplex_staircase_pool_2, grunt_megastairs_3
Lair:6:   serial_bayou_shore_b
Lair:7:   dpeg_slime_entry_enclosed_altar, portal_ice_cave_entry_imps,
          bh_autumn_forest_stairs
Lair:8:   hangedman_lair_tendril_chambers, serial_bayou_pond_a, uniq_kirke,
          uniq_maud
Swamp:1:  evilmike_swamp_ruin_house_3, swamp_pool5, uniq_louise, uniq_nikola,
          uniq_roxanne
Spider:1: spider_trap, nicolae_looking_at_the_future, uniq_agnes, uniq_frances
Spider:2: minivault_29, uniq_arachne
Orc:1:    lemuel_ogre_cave, serial_shops, nicolae_shop_trees,
          nicolae_shop_trees, nicolae_shop_waterfront, basic_altar
Orc:2:    uniq_maurice
Orc:3:    nicolae_orc_pool_cavern
Orc:4:    grunt_orc_community_town_hall, grunt_orc_community_big_house_1,
          grunt_orc_community_big_house_2, grunt_orc_community_house_3,
          grunt_orc_community_house_2, grunt_orc_community_house_1,
          grunt_orc_community_house_3, serial_shops, shop
Elf:1:    elf_arrival_001, serial_shops, shop, hangedman_corner_corridor
Depths:1: enter_ziggurat_a, pf_coc_iceberg, nrook_mini_vaults,
          kennysheep_generic_room_16
Depths:2: nooodl_glass_maze, nicolae_wwwww, pf_hell_entry_tar_river,
          minmay_misc_feat_five, minmay_misc_feat_diagonals, firewood_loft
Depths:3: radiant_caverns_b_rkd, hell_entry, pan_entry, uniq_saint_roka
IceCv:    ice_cave_caverns_03

Action                   |  1- 3 |  4- 6 |  7- 9 | 10-12 | 13-15 | 16-18 | 19-21 || total
-------------------------+-------+-------+-------+-------+-------+-------+-------++-------
Melee: Dagger            |    51 |   253 |   454 |   771 |  2709 |  2728 |   882 ||  7848
       Short sword       |     1 |       |       |       |       |       |       ||     1
       Scimitar          |       |       |       |       |    36 |    14 |    17 ||    67
 Fire: Blowgun           |       |       |     5 |   105 |     9 |    13 |    21 ||   153
Throw: Javelin           |     5 |       |    22 |     4 |     3 |       |       ||    34
 Cast: Vampiric Draining |       |       |       |    44 |    54 |    89 |    37 ||   224
       Agony             |       |       |       |    51 |   172 |   206 |   112 ||   541
       Dispel Undead     |       |       |       |       |    20 |    34 |    20 ||    74
Invok: Receive Corpses   |       |       |       |       |       |     2 |     2 ||     4
Evoke: Wand              |       |     2 |     1 |     5 |     2 |     4 |     2 ||    16
       Phial of floods   |       |       |       |     1 |     3 |     2 |       ||     6
       Lamp of fire      |       |       |       |       |       |     2 |     1 ||     3
  Use: Potion            |     5 |       |       |       |     3 |    10 |     1 ||    19
       Scroll            |       |     7 |    12 |     7 |    17 |     5 |       ||    48
 Stab: Sleeping          |     1 |     3 |     8 |     5 |     5 |     4 |       ||    26
       Distracted        |       |       |     1 |     2 |       |       |     1 ||     4
       Paralysed         |       |       |       |       |     1 |       |       ||     1
       Invisible         |       |       |       |       |       |     6 |       ||     6
       Confused          |       |       |       |       |       |     1 |       ||     1
  Eat: Corpse            |     4 |    23 |    27 |    49 |   123 |   114 |    21 ||   361
